 Dungeon Crawl Stone Soup version 0.19.1 (webtiles) character file.

619498 KarmaPolice the Slingshot (level 27, -20/199 HPs)
             Began as a Halfling Hunter on Dec 2, 2016.
             Was the Champion of Okawaru.
             Killed from afar by a quicksilver dragon (46 damage)
             ... with a bolt of dispelling energy
             ... on level 5 of the Vaults on Dec 7, 2016.
             The game lasted 10:33:45 (124324 turns).

KarmaPolice the Slingshot (Halfling Hunter)       Turns: 124324, Time: 10:33:45

Health: -20/199    AC: 30    Str: 19    XL:     27
Magic:  29/33      EV: 19    Int:  9    God:    Okawaru [******]
Gold:   2617       SH: 15    Dex: 28    Spells: 6 memorised, 8 levels left

rFire  + . .     SeeInvis .     u - +6 demon blade (chaos)
rCold  + . .     Gourm    .     G - +0 gold dragon scales
rNeg   + . .     Faith    .     F - +2 buckler {rN+}
rPois  +         Spirit   .     a - -1 hat "Wearigeecho" {rElec MR+ Dex+3}
rElec  +         Reflect  +     W - +2 cloak {MR+}
rCorr  +         Harm     .     k - +0 pair of gloves {Str+3}
MR     ++++.                    y - +2 pair of boots {run}
Stlth  ..........               O - +5 amulet of reflection
                                D - +2 ring of protection
                                C - ring of resist corrosion

@: finesse, very slightly contaminated, quick
A: high mp 1, mutation resistance 1, slow regeneration 1
a: Heroism, Finesse, Renounce Religion
}: 2/15 runes: serpentine, barnacled


You were on level 5 of the Vaults.
You worshipped Okawaru.
Okawaru was exalted by your worship.
You were not hungry.

You visited 10 branches of the dungeon, and saw 48 of its levels.
You also visited: Sewer.

You collected 6034 gold pieces.
You spent 3417 gold pieces at shops.

Inventory:

Hand Weapons
 g - a +3 fustibalus of freezing
 u - a +6 demon blade of chaos (weapon)
 J - the +2 double sword of Welfare {pain, Dex+4, unknown}
   (Okawaru gifted it to you on level 3 of the Crypt)

   In the hands of one skilled in necromantic magic, it inflicts extra damage on
   living creatures.
   It affects your dexterity (+4).
 L - the +3 sling "Punk" {acid, rCorr}
   (You found it on level 1 of the Crypt)

   It protects you from acid and corrosion.
Missiles
 d - 252 sling bullets
Armour
 a - the -1 hat "Wearigeecho" (worn) {rElec MR+ Dex+3}
   (Okawaru gifted it to you on level 1 of the Depths)

   It affects your dexterity (+3).
   It insulates you from electricity.
   It affects your resistance to hostile enchantments.
 b - the +1 hat of Unkot {rElec Str+8 Dex-3}
   (Okawaru gifted it to you on level 4 of the Vaults)

   It affects your strength (+8).
   It affects your dexterity (-3).
   It insulates you from electricity.
 k - a +0 pair of gloves of strength (worn)
 y - a +2 pair of boots of running (worn)
 B - the +1 ring mail of Eguecw {*Corrode rN++ Str+10 Slay+6}
   (You found it on level 6 of the Lair of Beasts)

   It affects your strength (+10).
   It affects your accuracy and damage with ranged weapons and melee attacks
   (+6).
   It greatly protects you from negative energy.
   It may corrode you when you take damage.
 F - a +2 buckler of positive energy (worn)
 G - +0 gold dragon scales (worn)
 W - a +2 cloak of magic resistance (worn)
Jewellery
 C - a ring of resist corrosion (left hand)
 D - a +2 ring of protection (right hand)
 O - a +5 amulet of reflection (around neck)
 P - the ring of Rymiumar {rElec rN+ Dex+5, unknown}
   (You found it on level 3 of the Crypt)

   [ring of positive energy]

   It affects your dexterity (+5).
   It insulates you from electricity.
   It protects you from negative energy.
 Q - the amulet of Ifol {RegenMP rN+ Dex+4 Stlth+}
   (You found it on level 3 of the Elven Halls)

   [amulet of magic regeneration]

   It increases your magic regeneration.
   It affects your dexterity (+4).
   It protects you from negative energy.
   It makes you more stealthy.
 R - the ring of Awe {rN+ Str+5 Dex+3, unknown}
   (You found it on level 3 of the Crypt)

   [ring of positive energy]

   It affects your strength (+5).
   It affects your dexterity (+3).
   It protects you from negative energy.
Wands
 E - a wand of heal wounds (5/9)
 S - a wand of digging (17/24)
Scrolls
 e - 9 scrolls of teleportation
 i - 13 scrolls of magic mapping
 m - 5 scrolls of fog
 n - 5 scrolls of enchant weapon
 q - 25 scrolls of remove curse
 r - 6 scrolls of blinking
 s - 2 scrolls of fear
 v - 4 scrolls of recharging
 I - 5 scrolls of summoning
 U - 2 scrolls of holy word
 V - a scroll of acquirement
 Z - a scroll of brand weapon
Potions
 c - 3 potions of haste
 l - 3 potions of cure mutation
 o - 4 potions of heal wounds
 p - 3 potions of ambrosia
 t - 14 potions of curing
 w - 4 potions of agility
 x - 5 potions of cancellation
 z - 7 potions of might
 A - 10 potions of flight
 H - 5 potions of resistance
 K - 2 potions of berserk rage
 X - 3 potions of invisibility
Miscellaneous
 T - a fan of gales
 Y - 4 sacks of spiders
Comestibles
 f - 22 bread rations
 h - 15 beef jerkies
 M - 31 meat rations


   Skills:
 + Level 19.5 Fighting
   Level 5.2(18.0) Short Blades
 + Level 22.0(22.1) Long Blades
 + Level 23.8 Slings
 + Level 15.4 Armour
 - Level 20.0 Dodging
 - Level 1.1 Stealth
 - Level 6.0 Shields
 - Level 5.0 Spellcasting
 - Level 10.0 Hexes
 - Level 4.7 Charms
 - Level 12.0 Summonings
 - Level 13.4 Air Magic
 - Level 8.5 Invocations
 - Level 10.1 Evocations


You had 8 spell levels left.
You knew the following spells:

 Your Spells              Type           Power        Failure   Level  Hunger
a - Silence               Hex/Air        ###.......   100%        5    ######.
b - Deflect Missiles      Chrm/Air       ###.......   100%        6    #######
c - Cause Fear            Hex            ###.......   100%        4    #####..
d - Aura of Abjuration    Summ           ###.......   100%        5    ######.
e - Invisibility          Hex            ###.....     100%        6    #######
f - Swiftness             Chrm/Air       ###.....     65%         2    ##.....


Dungeon Overview and Level Annotations

Branches:
Dungeon (15/15)            Temple (1/1) D:4            Lair (6/6) D:11
 Shoals (4/4) Lair:3        Snake (4/4) Lair:2        Slime (0/5) Lair:6
    Orc (2/2) D:9             Elf (3/3) Orc:2        Vaults (5/5) D:13
  Crypt (3/3) Vaults:2       Tomb (0/3) Crypt:3      Depths (5/5) D:15
    Zot (0/5) Depths:5

Altars:
Ashenzari
Kikubaaqudgha
Okawaru
Trog
Xom
Yredelemnul
Zin
The Shining One
Beogh
Lugonu

Shops:
D:5 ?   D:6 !   D:14 *   Orc:2 :*([   Snake:1 }?*[   Vaults:1 :(%

Portals:
Hell: Depths:1 Depths:2 Depths:3 Depths:4 Depths:5
Abyss: Depths:1 Depths:4
Pandemonium: Depths:2 Depths:3 Depths:5
Ziggurat: Depths:3

Annotations:
Depths:5 1 runed door


Innate Abilities, Weirdness & Mutations

You are small and have problems with some larger weapons.
You are somewhat resistant to further mutation.
You have an increased reservoir of magic. (+10% MP)
You regenerate slowly when monsters are visible.


Message History

Something claws you.
* * * LOW HITPOINT WARNING * * *
You block the quicksilver dragon's attack.
The quicksilver dragon misses you. Something bites you!
* * * LOW HITPOINT WARNING * * *
You block something's attack. Something claws you.
* * * LOW HITPOINT WARNING * * *
The great orb of eyes barely misses you.
You riposte.
You slash the great orb of eyes!
You feel better.
The great orb of eyes is moderately wounded.
Okay, then.
Okay, then.
Okay, then.
Blink to where?
Press: ? - help, Dir - move target cursor You are very lightly contaminated with residual magic.
As you read the scroll of blinking, it crumbles to dust.
The quicksilver dragon breathes dispelling energy at you.
The bolt of dispelling energy hits you!
You die...

,,****,,*,,*,,*,,,,#....#...#....
,,,≈≈*,,*,,*,,*,,,.#....#........
,,,≈≈*,,*,,*,,*,,,.#....#........
,,*≈≈*,,*,,*,,*,,,.#....#...#....
,,*,,*,,*,,*,,####.#....#........
,,*,,*,,*,,*,,#..(.#(...#...#(#..
,,*,,*,,*,,*,,#....#(...#..((....
,,*,,,,,*,,,,,#....#.(..#..(#.#.#
,,*,,,,,*,,,,,#.@........((......
**************####......((#######
,,,,,,,,,,,,,,,.......D[........,
,,,,,,,,,,,,,,,......<<().......,
,,,,,,,,,,,,,,,...(.<..{((......,
,,,,,,,,,,,,,,,......<<)G.......,
***************###....)...######*
,,,,,,*,,,,,,,,......(........,,,
,,**,,,*,,,,,,,....#....#......,,


You could see a quicksilver dragon.

Vanquished Creatures
  Mara (Elf:3)
  An ancient lich (Vaults:4)
  Boris (Depths:3)
  Saint Roka (Vaults:3)
  Bai Suzhen (Snake:4)
  Xtahua (Depths:5)
  4 caustic shrikes (Depths:2)
  2 golden dragons (Depths:2)
  Nikola (Vaults:2)
  Jory (Crypt:3)
  A Tzitzimitl (Depths:1)
  9 liches
  Rupert (Lair:5)
  4 tentacled monstrosities
  7 titans
  Asterion (Snake:3)
  3 deep elf blademasters
  Frances (Elf:1)
  Gastronok (D:12)
  3 ancient champions
  3 sphinxes
  The ghost of Isidrus the Severer, an adept MiBe of Trog (Snake:1)
  Agnes (D:14)
  Polyphemus (Shoals:2)
  3 revenants
  5 storm dragons
  3 tengu reavers
  3 shadow dragons
  Ilsuiw (Shoals:4)
  A shadow dragon (shapeshifter) (Depths:5)
  14 frost giants
  The ghost of Isidrus the Severer, a journeyman MiBe of Trog (Shoals:1)
  15 fire giants
  13 nagarajas
  5 deep elf sorcerers (Elf:3)
  A draconian scorcher (Depths:5)
  2 orc warlords
  14 vault wardens
  3 curse skulls
  Aizul (Vaults:4)
  A juggernaut zombie (Depths:1)
  A draconian shifter (Depths:5)
  12 ghouls
  A caustic shrike zombie (Depths:2)
  2 spriggan defenders
  16 ironheart preservers
  6 reapers
  A caustic shrike skeleton (Crypt:1)
  9 deep elf elementalists
  A war gargoyle (Vaults:3)
  30 very ugly things
  26 stone giants
  3 entropy weavers
  A mottled draconian (Depths:5)
  2 black draconians (Depths:5)
  16 vampire knights
  Azrael (Snake:3)
  6 deep elf demonologists
  6 deep elf annihilators
  7 spark wasps
  A red draconian (Depths:5)
  A dire elephant (Lair:6)
  A spark wasp (shapeshifter) (Depths:5)
  3 eidola
  Snorg (D:14)
  5 merfolk javelineers
  16 ettins
  A quicksilver dragon zombie (Crypt:3)
  2 green deaths (Snake:3)
  12 fire dragons
  4 merfolk impalers
  10 deep elf death magi
  22 yaktaur captains
  A mummy priest (Crypt:3)
  Josephine (D:14)
  8 great orbs of eyes
  5 rakshasas
  9 naga warriors
  16 jiangshi
  3 deep elf high priests
  30 vault guards
  17 ice dragons
  15 hydras
  8 spriggan air magi
  Fannar (Lair:3)
  6 merfolk avatars
  6 catoblepae
  18 anacondas
  26 dancing weapons
  8 death yaks
  9 merfolk aquamancers
  12 death knights
  9 tengu warriors
  12 centaur warriors
  22 ogre magi
  A titan zombie (Vaults:4)
  10 vampire magi
  11 deep troll earth magi
  12 shock serpents
  4 deep troll shamans
  5 satyrs
  13 naga sharpshooters
  An orc high priest (Orc:2)
  10 soul eaters
  9 spriggan berserkers
  Urug (D:12)
  26 deep elf knights
  A titan skeleton (Depths:1)
  21 hell knights
  A sixfirhy (Depths:2)
  65 skeletal warriors
  3 salamander mystics
  An unseen horror (shapeshifter) (D:15)
  25 deep trolls
  Nergalle (Lair:3)
  3 glowing orange brains
  An iron troll (Depths:4)
  6 shadow wraiths
  A storm dragon skeleton (Vaults:4)
  15 wizards
  An iron giant zombie (Crypt:2)
  3 unseen horrors
  An anaconda zombie (Crypt:3)
  18 ironbrand convokers
  18 sea snakes
  7 flayed ghosts
  7 naga ritualists
  A swamp dragon (shapeshifter) (Depths:2)
  A golden dragon skeleton (Crypt:2)
  27 phantasmal warriors
  12 deep elf archers
  8 hill giants
  Pikel (D:6)
  25 harpies
  4 orc sorcerers
  20 necromancers
  A shining eye (shapeshifter) (Vaults:4)
  A hell hog zombie (Crypt:3)
  20 orc knights
  2 mana vipers (shapeshifter) (Depths:2)
  A cyclops (shapeshifter) (Vaults:2)
  A tengu skeleton (Depths:1)
  68 deep elf magi
  7 mana vipers
  A stone giant zombie (Vaults:4)
  3 frost giant zombies
  A human zombie (Vaults:5)
  64 ugly things
  3 fire giant zombies
  5 wolf spiders
  21 manticores
  An elephant (shapeshifter) (Depths:4)
  7 cyclopes
  12 fauns
  A stone giant skeleton (Depths:1)
  3 frost giant skeletons
  11 salamanders
  3 elephants (Lair:6)
  47 black mambas
  A black mamba (shapeshifter) (Vaults:3)
  A guardian serpent (shapeshifter) (Depths:5)
  13 vault sentinels
  11 sirens
  8 water nymphs
  A titan simulacrum (Depths:1)
  Joseph (D:8)
  11 guardian serpents
  A red draconian zombie (Crypt:1)
  28 naga magi
  2 fire giant skeletons
  A spiny frog (shapeshifter) (Vaults:4)
  2 gargoyles
  A yaktaur zombie (Depths:1)
  A hellion (Depths:2)
  2 centaur skeletons
  16 spiny frogs
  2 torpor snails (Lair:6)
  A dire elephant skeleton (Crypt:3)
  5 rime drakes
  13 freezing wraiths
  A yaktaur (shapeshifter) (Vaults:3)
  47 yaktaurs
  2 efreet
  2 kobold demonologists
  11 komodo dragons
  A komodo dragon (shapeshifter) (Depths:3)
  A golden dragon simulacrum (Depths:1)
  9 guardian mummies (Crypt:3)
  2 red devils (Depths:5)
  3 tengu conjurers
  A hydra zombie (Crypt:3)
  3 polar bears (Lair:6)
  A merfolk (shapeshifter) (Depths:4)
  34 merfolk
  A green draconian skeleton (Crypt:3)
  A meliai (shapeshifter) (Vaults:1)
  A death yak skeleton (Crypt:1)
  9 wind drakes
  16 trolls
  An iron troll skeleton (Crypt:3)
  A death drake zombie (Crypt:3)
  A tengu simulacrum (Depths:1)
  A polar bear (shapeshifter) (Depths:4)
  A blink frog (shapeshifter) (Vaults:2)
  12 hornets
  3 trolls (shapeshifter)
  33 two-headed ogres
  A hydra skeleton (Crypt:2)
  2 frost giant simulacra
  A raiju (shapeshifter) (D:14)
  60 slime creatures
  A two-headed ogre (shapeshifter) (Depths:2)
  Prince Ribbit (D:7)
  17 hippogriffs
  2 ice dragon zombies (Depths:1)
  2 fire dragon zombies
  A snapping turtle (shapeshifter) (Vaults:3)
  A bog body (Crypt:2)
  18 snapping turtles
  5 blink frogs
  A fire giant simulacrum (Depths:1)
  A stone giant simulacrum (Vaults:3)
  An alligator zombie (Crypt:3)
  2 deep troll zombies (Depths:1)
  8 dream sheep
  5 spriggans
  2 deep troll skeletons
  16 air elementals
  5 shadows
  27 wraiths
  4 redbacks
  A tarantella (shapeshifter) (Elf:3)
  An ice dragon skeleton (Depths:1)
  A vampire (D:12)
  23 water elementals
  7 wyverns
  36 yaks
  7 fire elementals
  A satyr skeleton (Crypt:2)
  A yak (shapeshifter) (Depths:4)
  An elf simulacrum (Depths:2)
  A golden eye (shapeshifter) (Depths:4)
  5 basilisks
  An elf skeleton (Vaults:4)
  7 vampire mosquitoes
  5 hungry ghosts
  A mottled dragon (Vaults:1)
  A tyrant leech zombie (Crypt:3)
  A chaos spawn (Depths:3)
  A neqoxec (Depths:3)
  2 swamp worms (shapeshifter)
  A yaktaur simulacrum (Vaults:2)
  A human (shapeshifter) (Depths:2)
  A faun zombie (Crypt:3)
  A steam dragon (D:12)
  5 wargs
  A soldier ant (D:13)
  55 nagas
  18 water moccasins
  A faun skeleton (Crypt:1)
  9 porcupines
  5 hell hounds
  A hell hound (shapeshifter) (Depths:4)
  A tengu zombie (Depths:1)
  49 orc warriors
  3 slaves
  6 ice beasts
  3 sky beasts
  4 black bears
  A black bear (shapeshifter) (Vaults:2)
  16 boggarts
  6 necrophages
  10 wolves
  84 ogres
  3 phantoms
  29 centaurs
  15 crocodiles
  A draconian zombie (Crypt:2)
  2 big kobolds
  26 bullfrogs
  A wyvern zombie (D:14)
  An earth elemental (Elf:1)
  4 scorpions
  A wyvern skeleton (D:15)
  A hell hound skeleton (Crypt:1)
  A water moccasin skeleton (D:12)
  12 wights
  5 howler monkeys
  An electric eel (Lair:2)
  A lava snake (D:8)
  A bullfrog zombie (D:8)
  A quasit (D:13)
  7 centaur zombies
  10 crimson imps
  A wolf skeleton (Crypt:1)
  8 hounds
  38 orc wizards
  27 orc priests
  7 jellies
  A bullfrog skeleton (D:5)
  A two-headed ogre skeleton (Crypt:3)
  2 iguanas
  7 hell rats (Lair:6)
  15 worker ants
  A shapeshifter simulacrum (Depths:1)
  A dwarf zombie (Crypt:1)
  A naga zombie (Crypt:3)
  A hound zombie (D:6)
  The ghost of kengeki the Firebug, a weakling HEFE (D:4)
  2 hound skeletons
  4 gnolls (D:2)
  A howler monkey zombie (D:7)
  A howler monkey skeleton (Crypt:1)
  16 adders
  5 river rats (Sewer)
  3 shadow imps
  6 oozes
  2 worm zombies
  An adder zombie (D:9)
  A worm (D:2)
  2 dart slugs
  9 leopard geckos
  105 orcs
  6 ball pythons
  10 giant cockroaches
  9 goblins
  6 hobgoblins
  18 jackals
  27 kobolds
  5 quokkas
  A ball python skeleton (D:4)
  12 bats
  A dart slug zombie (Crypt:1)
  8 frilled lizards
  A giant cockroach zombie (D:6)
  A jackal skeleton (D:8)
  2 leopard gecko skeletons
  3 quokka skeletons
  24 rats
  3 fungi
  5 plants (Shoals:4)
2716 creatures vanquished.

Vanquished Creatures (others)
  A stone giant (Depths:2)
  4 yaktaur captains
  A fire dragon (Depths:4)
  A centaur warrior (D:12)
  A dancing weapon (Elf:2)
  A tengu warrior (Depths:2)
  2 naga sharpshooters
  A naga ritualist (Snake:3)
  A deep elf archer (Elf:1)
  A hill giant (D:12)
  2 cyclopes
  A wizard (D:7)
  A salamander (Snake:4)
  2 manticores
  A faun (Shoals:3)
  10 yaktaurs
  An ettin skeleton (Vaults:5)
  An orc warrior (Vaults:4)
  2 ogres
  A tengu (shapeshifter) (Elf:1)
  6 centaurs
  A big kobold (shapeshifter) (Vaults:4)
  3 orcs
  7 fungi
  37 plants
  12 tentacles (Shoals:1)
  13 toadstools (Lair:2)
115 creatures vanquished.

Grand Total: 2831 creatures vanquished

Notes
Turn   | Place    | Note
-------+----------+-------------------------------------------
     0 | D:1      | KarmaPolice the Halfling Hunter began the quest for the Orb.
     0 | D:1      | Reached XP level 1. HP: 14/14 MP: 1/1
   191 | D:1      | Reached XP level 2. HP: 17/19 MP: 2/2
   195 | D:1      | Reached skill level 1 in Short Blades
   263 | D:1      | Reached skill level 6 in Slings
   477 | D:1      | Reached XP level 3. HP: 23/24 MP: 3/3
  1378 | D:2      | Reached XP level 4. HP: 10/29 MP: 4/4
  2118 | D:2      | Reached XP level 5. HP: 35/35 MP: 5/5
  2688 | D:3      | Found a glowing drain.
  2752 | Sewer    | Entered a sewer
  2883 | Sewer    | Reached XP level 6. HP: 41/41 MP: 6/6
  2965 | Sewer    | Reached skill level 7 in Slings
  4093 | D:4      | Found a staircase to the Ecumenical Temple.
  4101 | Temple   | Entered the Ecumenical Temple
  4116 | Temple   | Became a worshipper of Warmaster Okawaru
  4224 | D:4      | Reached XP level 7. HP: 46/46 MP: 7/7
  4338 | D:4      | Noticed kengeki's ghost (weakling HEFE)
  4348 | D:4      | Killed kengeki's ghost
  4348 | D:4      | Reached skill level 1 in Evocations
  4963 | D:5      | Entered Level 5 of the Dungeon
  5087 | D:5      | Found Cogeur's Magic Scroll Shop.
  5762 | D:6      | Reached XP level 8. HP: 54/54 MP: 9/9
  5850 | D:6      | Reached skill level 8 in Slings
  5860 | D:6      | Reached skill level 5 in Short Blades
  6494 | D:6      | Found Agidus's Distillery.
  6499 | D:6      | Bought a potion of degeneration for 13 gold pieces
  6499 | D:6      | Bought a potion of might for 52 gold pieces
  6568 | D:6      | Reached * piety under Okawaru
  6716 | D:6      | Found a shattered altar of Ashenzari.
  6961 | D:6      | Reached skill level 1 in Invocations
  7577 | D:6      | Reached skill level 9 in Slings
  7748 | D:6      | Bought a potion of lignification for 39 gold pieces
  7748 | D:6      | Bought a potion of berserk rage for 65 gold pieces
  7889 | D:7      | Noticed Prince Ribbit
  7902 | D:7      | Killed Prince Ribbit
  7902 | D:7      | Reached XP level 9. HP: 40/60 MP: 12/12
  8013 | D:7      | Reached skill level 5 in Fighting
  8030 | D:7      | Found a bloodstained altar of Trog.
  8427 | D:7      | Reached ** piety under Okawaru
  8440 | D:7      | Reached skill level 10 in Slings
  8447 | D:7      | Reached skill level 1 in Long Blades
  8554 | D:7      | Noticed a wizard
  8559 | D:7      | Killed a wizard
  8992 | D:7      | Noticed Pikel
  9225 | D:6      | Reached skill level 5 in Evocations
  9233 | D:6      | Killed Pikel
  9233 | D:6      | Reached *** piety under Okawaru
  9599 | D:7      | Reached XP level 10. HP: 68/68 MP: 14/14
 10258 | D:8      | Reached skill level 1 in Armour
 10379 | D:8      | Reached skill level 11 in Slings
 10858 | D:8      | Noticed Joseph
 10890 | D:8      | Killed Joseph
 10890 | D:8      | Received a gift from Okawaru
 11598 | D:10     | Entered Level 10 of the Dungeon
 11838 | D:9      | Found a staircase to the Orcish Mines.
 12410 | D:9      | Reached skill level 12 in Slings
 12503 | D:9      | Reached **** piety under Okawaru
 12637 | D:9      | Reached skill level 5 in Long Blades
 13027 | D:10     | Reached XP level 11. HP: 75/75 MP: 15/15
 13085 | D:10     | Found a glowing silver altar of Zin.
 13478 | D:10     | Noticed a purple ugly thing
 13533 | D:10     | Reached skill level 5 in Dodging
 13545 | D:10     | Killed a purple ugly thing
 13684 | D:10     | HP: 2/75 [something (6)]
 13694 | D:10     | Killed an unseen horror
 13951 | D:10     | Reached ***** piety under Okawaru
 14236 | D:11     | Noticed a hill giant
 14533 | D:10     | Received a gift from Okawaru
 14536 | D:10     | Reached skill level 13 in Slings
 14641 | D:11     | Found a staircase to the Lair.
 14847 | D:5      | Bought a scroll of magic mapping for 52 gold pieces
 14847 | D:5      | Bought a scroll of immolation for 52 gold pieces
 14854 | D:5      | Bought a scroll of identify for 30 gold pieces
 14854 | D:5      | Bought a scroll of identify for 30 gold pieces
 14854 | D:5      | Bought a scroll of identify for 30 gold pieces
 15047 | Lair:1   | Entered Level 1 of the Lair of Beasts
 15815 | Lair:1   | Reached skill level 5 in Invocations
 15968 | Lair:1   | Noticed a catoblepas
 16032 | Lair:1   | Killed a catoblepas
 16032 | Lair:1   | Reached XP level 12. HP: 39/84 MP: 16/16
 16728 | Lair:1   | Received a gift from Okawaru
 17405 | Lair:1   | Received a gift from Okawaru
 17813 | Lair:2   | Found a staircase to the Snake Pit.
 17964 | Lair:2   | Reached skill level 14 in Slings
 18489 | Lair:2   | Noticed an eight-headed hydra
 18677 | Lair:2   | HP: 1/84 [eight-headed hydra (13)]
 19130 | Lair:2   | Killed an eight-headed hydra
 19344 | Lair:2   | Found a runed door.
 19621 | Lair:2   | Noticed a catoblepas
 19633 | Lair:2   | Noticed a catoblepas
 20014 | Lair:2   | Killed a catoblepas
 20334 | Lair:2   | Identified the Handbook of the Warped Escort
 20439 | Lair:2   | Killed a catoblepas
 20452 | Lair:2   | Reached XP level 13. HP: 55/90 MP: 18/18
 21371 | Lair:3   | Noticed Fannar
 21375 | Lair:3   | Identified a scroll of acquirement
 21404 | Lair:3   | Killed Fannar
 21404 | Lair:3   | Received a gift from Okawaru
 21869 | Lair:3   | Found a staircase to the Shoals.
 21968 | Lair:3   | Noticed Nergalle
 21991 | Lair:3   | Killed Nergalle
 21991 | Lair:3   | Reached skill level 15 in Slings
 22683 | Lair:3   | Received a gift from Okawaru
 23814 | Lair:4   | Noticed an eight-headed hydra
 24165 | Lair:4   | Killed an eight-headed hydra
 25243 | Lair:5   | Noticed Rupert
 25271 | Lair:5   | Killed Rupert
 25271 | Lair:5   | Reached skill level 10 in Fighting
 26134 | Lair:6   | Entered Level 6 of the Lair of Beasts
 26134 | Lair:6   | Noticed a four-headed hydra
 26463 | Lair:6   | Killed a four-headed hydra
 26463 | Lair:6   | Reached XP level 14. HP: 99/99 MP: 20/20
 26503 | Lair:6   | Got an amber-encrusted leather armour
 26538 | Lair:6   | Identified the +3 leather armour of Nobility {rF- Dex+4} (You found it on level 6 of the Lair of Beasts)
 26690 | Lair:6   | Reached skill level 10 in Dodging
 26790 | Lair:6   | Reached skill level 16 in Slings
 27375 | Lair:6   | Found a staircase to the Slime Pits.
 27667 | Lair:6   | Reached skill level 10 in Long Blades
 28647 | Lair:6   | Found a shimmering altar of Xom.
 29075 | Lair:5   | Received a gift from Okawaru
 29368 | Lair:6   | Received a gift from Okawaru
 29373 | Lair:6   | Got a pair of warped boots {god gift}
 29419 | Lair:6   | Identified the +2 pair of boots "Teusibu" {*Slow rF+ rCorr} (Okawaru gifted it to you on level 6 of the Lair of Beasts)
 30457 | Lair:6   | Noticed a dire elephant
 30546 | Lair:6   | Killed a dire elephant
 31116 | Lair:6   | Reached skill level 17 in Slings
 31492 | Lair:6   | Reached XP level 15. HP: 97/107 MP: 21/21
 31636 | Lair:6   | Got a shimmering ring mail
 31654 | Lair:6   | Identified the cursed +1 ring mail of Eguecw {*Corrode rN++ Str+10 Slay+6} (You found it on level 6 of the Lair of Beasts)
 33009 | D:12     | Noticed Urug
 33013 | D:12     | Killed Urug
 33013 | D:12     | Received a gift from Okawaru
 33274 | D:12     | Reached skill level 5 in Armour
 33652 | D:12     | Noticed Gastronok
 33672 | D:12     | Killed Gastronok
 33672 | D:12     | Received a gift from Okawaru
 33679 | D:12     | Got a polished rapier {god gift}
 33681 | D:12     | Identified the +2 rapier of Punishment {drain, rC+} (Okawaru gifted it to you on level 12 of the Dungeon)
 35808 | D:13     | Received a gift from Okawaru
 36513 | D:13     | Found a gate to the Vaults.
 37052 | D:13     | Reached skill level 1 in Shields
 37526 | D:14     | Noticed Josephine
 37559 | D:14     | Killed Josephine
 37930 | D:14     | Found Ovvaxit's General Store.
 37938 | D:14     | Bought a scroll of identify for 30 gold pieces
 38054 | D:14     | Noticed Agnes
 38341 | D:14     | Reached XP level 16. HP: 114/114 MP: 15/22
 38422 | D:14     | Killed Agnes
 38599 | D:14     | Noticed Snorg
 38616 | D:14     | Killed Snorg
 38797 | D:15     | Entered Level 15 of the Dungeon
 39902 | D:15     | Found a staircase to the Depths.
 39902 | D:15     | Noticed a fire giant
 40120 | D:15     | Received a gift from Okawaru
 40120 | D:15     | Reached skill level 5 in Shields
 40786 | Orc:1    | Entered Level 1 of the Orcish Mines
 40971 | Orc:1    | Found a roughly hewn altar of Beogh.
 41105 | Orc:2    | Entered Level 2 of the Orcish Mines
 42045 | Orc:2    | Found a staircase to the Elven Halls.
 43682 | Orc:2    | Found a roughly hewn altar of Beogh.
 43885 | Orc:2    | Found Tar Nogew's Book Boutique.
 44086 | Orc:2    | Found Poepteomoe's Antique Weapon Boutique.
 44091 | Orc:2    | Found Potil's General Store.
 44098 | Orc:2    | Found Riymauw's Antique Armour Boutique.
 44158 | Orc:2    | Bought a potion of brilliance for 60 gold pieces
 44158 | Orc:2    | Bought a scroll of fog for 30 gold pieces
 44384 | Orc:2    | Bought an encrusted falchion for 224 gold pieces
 44385 | Orc:2    | Identified the +5 falchion of Infinity {slice, Dex+4} (You bought it in a shop on level 2 of the Orcish Mines)
 44411 | Orc:2    | Bought a shimmering scale mail for 270 gold pieces
 44425 | Orc:2    | Identified the +3 scale mail "Optexorph" {+Blink Stlth+} (You bought it in a shop on level 2 of the Orcish Mines)
 44460 | Orc:2    | Bought a potion of cure mutation for 375 gold pieces
 44469 | Orc:2    | Bought a potion of curing for 45 gold pieces
 44803 | D:6      | Bought a potion of magic for 104 gold pieces
 45041 | Shoals:1 | Entered Level 1 of the Shoals
 45110 | Shoals:1 | Noticed Isidrus's ghost (journeyman MiBe)
 45350 | Shoals:1 | Killed Isidrus's ghost
 45831 | Shoals:1 | Received a gift from Okawaru
 45845 | Shoals:1 | Reached XP level 17. HP: 89/121 MP: 23/23
 45966 | Shoals:1 | Reached skill level 18 in Slings
 46639 | Shoals:1 | Noticed a kraken
 47609 | Shoals:2 | Noticed Polyphemus
 47626 | Shoals:1 | Received a gift from Okawaru
 47953 | Shoals:2 | Killed Polyphemus
 48141 | Shoals:2 | Received a gift from Okawaru
 48627 | Shoals:2 | Received a gift from Okawaru
 51017 | D:15     | Received a gift from Okawaru
 51605 | Snake:1  | Entered Level 1 of the Snake Pit
 51663 | Snake:1  | Noticed Isidrus's ghost (adept MiBe)
 51702 | Snake:1  | Killed Isidrus's ghost
 52059 | Snake:1  | Found Vowkuot's Antique Armour Boutique.
 52060 | Snake:1  | Found Yfotadd's Assorted Antiques.
 52060 | Snake:1  | Found Laufyor's Magic Scroll Shop.
 52073 | Snake:1  | Found Zilus's Gadget Shop.
 52085 | Snake:1  | Bought a scroll of identify for 28 gold pieces
 52091 | Snake:1  | Bought a scroll of identify for 52 gold pieces
 52091 | Snake:1  | Bought a sparkling ivory ring for 130 gold pieces
 52095 | Snake:1  | Identified the ring "Penij" {*Tele Dex+3} (You bought it in a shop on level 1 of the Snake Pit)
 52116 | Snake:1  | Reached skill level 10 in Evocations
 52239 | Snake:1  | Received a gift from Okawaru
 52436 | Snake:1  | Found a shimmering altar of Xom.
 53855 | Snake:2  | Reached XP level 18. HP: 110/129 MP: 25/25
 54935 | Snake:2  | Received a gift from Okawaru
 55435 | Snake:2  | Received a gift from Okawaru
 56112 | Snake:3  | Noticed Asterion
 56140 | Snake:3  | Killed Asterion
 56163 | Snake:3  | Got a bloodstained ring mail
 56164 | Snake:3  | Identified the +4 ring mail of Pantheism {Regen+ Int-4 Dex+7} (You found it on level 3 of the Snake Pit)
 57072 | Snake:3  | Found a runed door.
 57104 | Snake:3  | Noticed Azrael
 57447 | Snake:2  | Reached skill level 19 in Slings
 58031 | Snake:3  | Killed Azrael
 59304 | Snake:4  | Entered Level 4 of the Snake Pit
 60207 | Snake:4  | Reached XP level 19. HP: 127/136 MP: 26/26
 60260 | Snake:3  | Received a gift from Okawaru
 60410 | Snake:4  | Noticed Bai Suzhen
 60482 | Snake:4  | Killed Bai Suzhen
 61060 | Snake:4  | Reached skill level 10 in Armour
 62229 | Snake:4  | Reached skill level 15 in Long Blades
 63075 | Snake:4  | Received a gift from Okawaru
 63075 | Snake:4  | Reached skill level 20 in Slings
 63726 | Snake:4  | Got a serpentine rune of Zot
 64046 | Snake:3  | Received a gift from Okawaru
 64095 | Snake:3  | Received a gift from Okawaru
 64683 | D:12     | Reached XP level 20. HP: 144/144 MP: 27/27
 64823 | Snake:1  | Bought a bronze scale mail for 369 gold pieces
 64823 | Snake:1  | Identified the +8 scale mail "Ugguets" {rPois Regen+ Str-3 Stlth+} (You bought it in a shop on level 1 of the Snake Pit)
 65013 | Snake:1  | Bought a faintly humming scale mail for 369 gold pieces
 65015 | Snake:1  | Identified the cursed +1 scale mail of the Desolation of Salt {+Blink rF+++ Str-3} (You bought it in a shop on level 1 of the Snake Pit)
 65613 | Shoals:2 | Reached skill level 15 in Fighting
 65834 | Shoals:3 | Received a gift from Okawaru
 66524 | Shoals:3 | Received a gift from Okawaru
 67332 | Shoals:4 | Entered Level 4 of the Shoals
 67345 | Shoals:4 | Noticed Ilsuiw
 67356 | Shoals:4 | Killed Ilsuiw
 67933 | Shoals:4 | Reached skill level 21 in Slings
 68215 | Shoals:4 | Received a gift from Okawaru
 68501 | Shoals:4 | Got a barnacled rune of Zot
 68824 | Shoals:4 | Received a gift from Okawaru
 69520 | Vaults:1 | Entered Level 1 of the Vaults
 69624 | Vaults:1 | Found Vanod's Book Emporium.
 69739 | Vaults:1 | Reached ****** piety under Okawaru
 69739 | Vaults:1 | Received a gift from Okawaru
 70134 | Vaults:1 | Found Yjutuag's Antique Weapon Boutique.
 70150 | Vaults:1 | Found Zient's Food Emporium.
 70248 | Vaults:1 | Received a gift from Okawaru
 70248 | Vaults:1 | Reached XP level 21. HP: 138/153 MP: 28/28
 70815 | Vaults:1 | Received a gift from Okawaru
 71091 | Vaults:1 | Received a gift from Okawaru
 71556 | Vaults:1 | Got a steaming scale mail
 71665 | Vaults:1 | Reached skill level 1 in Spellcasting
 72184 | Vaults:1 | Received a gift from Okawaru
 72542 | Vaults:1 | Received a gift from Okawaru
 72885 | Vaults:1 | Got a bone double sword {god gift}
 72962 | Vaults:1 | Identified the +2 double sword of Valiance {vamp, *Contam rElec rPois Dex+4} (Okawaru gifted it to you on level 1 of the Vaults)
 72974 | Vaults:1 | Gained mutation: You regenerate slowly when monsters are visible. [mutagenic glow]
 73504 | Vaults:1 | Reached skill level 22 in Slings
 74142 | Vaults:2 | Got an ivory spear
 74144 | Vaults:2 | Identified the +5 spear "Codu" {pain, *Rage Int+3 Dex+6} (You found it on level 2 of the Vaults)
 74348 | Vaults:2 | Noticed Nikola
 74352 | Vaults:2 | HP: 6/153 [Nikola/chain lightning (30)]
 74369 | Vaults:2 | Killed Nikola
 75460 | Vaults:2 | Received a gift from Okawaru
 75535 | Vaults:2 | Learned a level 5 spell: Silence
 75888 | Vaults:2 | Reached skill level 1 in Air Magic
 75889 | Vaults:2 | Reached skill level 1 in Hexes
 76319 | Vaults:2 | Found a staircase to the Crypt.
 76319 | Vaults:2 | Found an ancient bone altar of Kikubaaqudgha.
 76319 | Vaults:2 | Found a basalt altar of Yredelemnul.
 76410 | Vaults:3 | Identified the +1 scale mail of the Desolation of Salt {+Inv Int+3 SInv} (You found it on level 1 of the Vaults)
 76513 | Vaults:3 | Reached XP level 22. HP: 160/160 MP: 29/29
 76631 | Vaults:3 | Noticed Saint Roka
 77932 | Vaults:3 | Killed Saint Roka
 77932 | Vaults:3 | Received a gift from Okawaru
 78831 | Vaults:3 | Reached skill level 5 in Air Magic
 79334 | Vaults:3 | Got a distressingly furry plate armour
 79592 | Vaults:3 | Received a gift from Okawaru
 79656 | Vaults:3 | Reached skill level 15 in Armour
 79784 | Vaults:3 | Identified a +0 pair of boots of running (You found it on level 3 of the Vaults)
 80237 | Depths:1 | Entered Level 1 of the Depths
 80426 | D:15     | Received a gift from Okawaru
 80426 | D:15     | Reached skill level 5 in Hexes
 80439 | D:15     | Got a translucent chain mail {god gift}
 80478 | D:15     | Identified the +9 chain mail of Terror {rC+} (Okawaru gifted it to you on level 15 of the Dungeon)
 81068 | Depths:1 | Reached XP level 23. HP: 115/165 MP: 30/30
 81571 | Depths:1 | Found a gateway to Hell.
 83153 | Depths:1 | Received a gift from Okawaru
 83175 | Depths:1 | Got a dazzling hat {god gift}
 83176 | Depths:1 | Identified the -1 hat "Wearigeecho" {rElec MR+ Dex+3} (Okawaru gifted it to you on level 1 of the Depths)
 83476 | Depths:1 | Found a one-way gate to the infinite horrors of the Abyss.
 83482 | Depths:1 | Found a corrupted altar of Lugonu.
 84624 | Depths:1 | Found an ancient bone altar of Kikubaaqudgha.
 84700 | Depths:1 | Learned a level 6 spell: Deflect Missiles
 84705 | Depths:1 | Learned a level 4 spell: Cause Fear
 84706 | Depths:1 | Identified the Disquisition on Supportive Snow
 84715 | Depths:1 | Learned a level 5 spell: Aura of Abjuration
 84831 | Depths:1 | Reached skill level 1 in Charms
 85847 | Depths:2 | Reached XP level 24. HP: 171/171 MP: 30/30
 86361 | Depths:2 | Received a gift from Okawaru
 87087 | Depths:2 | Found a one-way gate leading to the halls of Pandemonium.
 87231 | Depths:2 | Reached skill level 1 in Summonings
 88412 | Depths:2 | Got a scintillating lapis lazuli ring
 88627 | Depths:2 | Noticed a caustic shrike
 88627 | Depths:2 | Noticed a caustic shrike
 88628 | Depths:2 | Noticed a caustic shrike
 88643 | Depths:2 | Reached skill level 15 in Dodging
 88663 | Depths:2 | Noticed a caustic shrike
 88673 | Depths:2 | Killed a caustic shrike
 88673 | Depths:2 | Reached skill level 10 in Air Magic
 88677 | Depths:2 | Killed a caustic shrike
 88686 | Depths:2 | Killed a caustic shrike
 88780 | Depths:2 | Killed a caustic shrike
 88865 | Depths:2 | Received a gift from Okawaru
 89327 | Depths:2 | Noticed a golden dragon
 89338 | Depths:2 | Killed a golden dragon
 89941 | Depths:2 | Identified the ring "Ireech" {+Fly rPois MR+ Str-3} (You took it off a vampire knight on level 2 of the Depths)
 89976 | Depths:2 | Received a gift from Okawaru
 90038 | Depths:2 | Noticed a golden dragon
 90046 | Depths:2 | Killed a golden dragon
 90046 | Depths:2 | Reached XP level 25. HP: 114/177 MP: 30/30
 91230 | Depths:3 | Received a gift from Okawaru
 91273 | Depths:3 | Reached skill level 5 in Summonings
 91606 | Depths:3 | Noticed Boris
 91669 | Depths:3 | Found a gateway to a ziggurat.
 92141 | Depths:3 | Killed Boris
 92953 | Depths:3 | Reached skill level 10 in Hexes
 93829 | Elf:1    | Entered Level 1 of the Elven Halls
 94006 | Elf:1    | Noticed Frances
 94045 | Elf:1    | Killed Frances
 94695 | Elf:1    | Received a gift from Okawaru
 96068 | Elf:2    | Found a huge runed gate.
 96068 | Elf:2    | Found a huge runed gate.
 96068 | Elf:2    | Found a huge runed gate.
 96069 | Elf:2    | Found a huge runed gate.
 96069 | Elf:2    | Found a huge runed gate.
 96217 | Elf:2    | Reached XP level 26. HP: 183/183 MP: 30/30
 97520 | Elf:3    | Entered Level 3 of the Elven Halls
 98040 | Elf:3    | Identified the +1 plate armour of Nelup {Int+5 Dex+4} (You found it on level 3 of the Vaults)
 98224 | Elf:3    | Reached skill level 5 in Spellcasting
 98339 | Elf:3    | Noticed Mara
 98448 | Elf:3    | Noticed KarmaPolice's illusion
 98661 | Elf:3    | Killed Mara
 99032 | Elf:3    | Received a gift from Okawaru
 99946 | Elf:3    | Got a transparent sapphire amulet
 99947 | Elf:3    | Identified the amulet of Ifol {RegenMP rN+ Dex+4 Stlth+} (You found it on level 3 of the Elven Halls)
100132 | Elf:3    | Got a crystal long sword
100187 | Elf:3    | Identified the cursed +1 long sword of Okawaru's Pride {drain, rN+ MR+} (You found it on level 3 of the Elven Halls)
100830 | Vaults:4 | Reached XP level 27. HP: 191/191 MP: 30/30
100989 | Vaults:4 | Received a gift from Okawaru
101564 | Vaults:4 | Received a gift from Okawaru
101578 | Vaults:4 | Got a distressingly furry hat {god gift}
102234 | Vaults:4 | Identified the +1 hat of Unkot {rElec Str+8 Dex-3} (Okawaru gifted it to you on level 4 of the Vaults)
102270 | Vaults:4 | Noticed Aizul
105209 | Depths:4 | Received a gift from Okawaru
106166 | Depths:4 | Received a gift from Okawaru
106171 | Depths:4 | Got a polished hunting sling {god gift}
106172 | Depths:4 | Identified the +7 hunting sling of Sughofih {freeze, rPois rN+ Dex-2} (Okawaru gifted it to you on level 4 of the Depths)
106349 | Depths:4 | Reached skill level 10 in Summonings
108744 | Depths:5 | Entered Level 5 of the Depths
110048 | Depths:5 | Received a gift from Okawaru
110550 | Depths:5 | Noticed Xtahua
110718 | Depths:5 | Killed Xtahua
111328 | Depths:5 | Received a gift from Okawaru
111562 | Depths:5 | Received a gift from Okawaru
111755 | Depths:5 | Found a runed door.
112364 | Depths:5 | Found a gate to the Realm of Zot.
112756 | Crypt:1  | Entered Level 1 of the Crypt
112968 | Crypt:1  | Got a tiger eye-encrusted plate armour
113309 | Crypt:1  | Gained mutation: You have an increased reservoir of magic. (+10% MP) [potion of beneficial mutation]
114487 | Crypt:1  | Found an ancient bone altar of Kikubaaqudgha.
115216 | Crypt:2  | Identified the +6 plate armour "Wideiv" {rCorr Str+2 Int-5 Dex+2} (You found it on level 1 of the Crypt)
115266 | Crypt:2  | Received a gift from Okawaru
116334 | Crypt:3  | Entered Level 3 of the Crypt
117724 | Crypt:3  | Found a staircase to the Tomb.
118751 | Crypt:3  | Received a gift from Okawaru
118760 | Crypt:3  | Got a translucent double sword {god gift}
118952 | Crypt:3  | Found an ancient bone altar of Kikubaaqudgha.
119393 | Crypt:3  | Got a scintillating pewter ring
119399 | Crypt:3  | Got a pitted turquoise ring
119467 | Crypt:3  | Paralysed by a vampire knight for 3 turns
119469 | Crypt:3  | Noticed Jory
119490 | Crypt:3  | Killed Jory
119610 | Crypt:3  | Reached skill level 23 in Slings
119686 | Crypt:3  | Identified Ereshkigal's Reference Book on Darkness
119775 | Crypt:3  | Learned a level 6 spell: Invisibility
119778 | Crypt:3  | Learned a level 2 spell: Swiftness
119781 | Crypt:3  | Identified the Compendium of Curses
119966 | Crypt:3  | Received a gift from Okawaru
120349 | D:5      | Bought a scroll of enchant weapon for 112 gold pieces
120405 | D:6      | Bought 2 potions of might for 104 gold pieces
120405 | D:6      | Bought 2 potions of agility for 104 gold pieces
120405 | D:6      | Bought a potion of heal wounds for 65 gold pieces
120610 | Snake:1  | Bought a scroll of blinking for 195 gold pieces
120617 | Snake:1  | Bought a scroll of enchant weapon for 105 gold pieces
120617 | Snake:1  | Bought a scroll of recharging for 133 gold pieces
120617 | Snake:1  | Bought a scroll of holy word for 105 gold pieces
120886 | D:14     | Bought a potion of curing for 45 gold pieces
121265 | Vaults:4 | Killed Aizul
121543 | Vaults:5 | Entered Level 5 of the Vaults
123287 | Vaults:5 | Noticed an ancient lich
123891 | Vaults:4 | Killed an ancient lich
124324 | Vaults:5 | Killed from afar by a quicksilver dragon

Skill      XL: |  1  2  3  4  5  6  7  8  9 10 11 12 13 14 15 16 17 18 19 20 21 22 23 24 25 26 27 |
---------------+----------------------------------------------------------------------------------+-----
Short Blades   | 1 2 3 4 5 |  5.2
Fighting       | 2 3 4 5 7 8 9 10 11 12 13 14 15 16 19 | 19.5
Slings         | 6 7 9 10 12 13 14 15 17 18 19 20 21 22 23 | 23.8
Dodging        | 3 4 6 8 9 11 12 13 14 15 16 17 20 | 20.0
Evocations     | 2 4 5 6 8 10 | 10.1
Invocations    | 2 4 5 7 8 |  8.5
Long Blades    | 2 5 6 8 9 10 11 12 13 14 15 16 17 18 19 22 | 22.0
Armour         | 4 7 9 11 12 14 15 | 15.4
Shields        | 3 6 |  6.0
Spellcasting   | 3 4 5 |  5.0
Air Magic      | 1 5 8 10 12 13 | 13.4
Hexes          | 1 5 7 9 10 | 10.0
Charms         | 2 4 |  4.7
Summonings     | 4 6 8 12 | 12.0
Stealth        | |  1.1

Action                   |  1- 3 |  4- 6 |  7- 9 | 10-12 | 13-15 | 16-18 | 19-21 | 22-24 | 25-27 || total
-------------------------+-------+-------+-------+-------+-------+-------+-------+-------+-------++-------
Melee: Short sword       |   165 |    29 |    59 |       |       |       |       |       |       ||   253
       Dagger            |       |       |   101 |     3 |       |       |       |       |       ||   104
       Scimitar          |       |       |    56 |   481 |   880 |   884 |   281 |   654 |   175 ||  3411
       Punch             |       |       |       |     3 |     1 |     1 |       |       |       ||     5
       Rapier            |       |       |       |       |       |    56 |       |       |       ||    56
       Long sword        |       |       |       |       |       |    69 |       |       |       ||    69
       Demon blade       |       |       |       |       |       |   185 |   836 |    56 |  2388 ||  3465
       Falchion          |       |       |       |       |       |       |    21 |   212 |  1181 ||  1414
 Fire: Hunting sling     |       |   236 |   316 |   446 |   998 |   672 |   231 |       |    11 ||  2910
       Fustibalus        |       |       |       |       |       |       |   668 |   985 |   684 ||  2337
 Cast: Silence           |       |       |       |       |       |       |       |       |     2 ||     2
       Cause Fear        |       |       |       |       |       |       |       |       |     1 ||     1
Invok: Heroism           |       |       |     2 |    11 |     9 |    14 |     4 |     4 |     2 ||    46
       Finesse           |       |       |       |     2 |     6 |     7 |     4 |     4 |     4 ||    27
Evoke: Wand              |       |       |     1 |     5 |     5 |     8 |     5 |     3 |     7 ||    34
  Use: Scroll            |       |       |     6 |    12 |    13 |    13 |    10 |    14 |    15 ||    83
       Potion            |       |       |     4 |    11 |     3 |     2 |     5 |     6 |    16 ||    47
 Stab: Sleeping          |     2 |     2 |     1 |     4 |    12 |     1 |     1 |       |     2 ||    25
       Distracted        |       |       |     1 |     1 |       |     5 |     5 |       |     7 ||    19
       Petrified         |       |       |       |     3 |       |       |       |       |    14 ||    17
       Paralysed         |       |       |       |       |       |       |       |       |    21 ||    21
       Confused          |       |       |       |       |       |       |       |       |    15 ||    15
       Petrifying        |       |       |       |       |       |       |       |       |    26 ||    26
  Eat: Chunk             |     1 |     9 |    11 |    32 |    58 |    56 |    38 |    35 |    86 ||   326
       Meat ration       |       |       |     1 |       |       |       |       |       |       ||     1
       Fruit             |       |       |       |     1 |     2 |    13 |    16 |     2 |    11 ||    45
       Pizza             |       |       |       |       |       |       |     3 |     2 |       ||     5
       Royal jelly       |       |       |       |       |       |       |       |     1 |     4 ||     5
       Beef jerky        |       |       |       |       |       |       |       |       |     2 ||     2
Armor: Leather armour    |    34 |    11 |    42 |    60 |       |       |       |       |       ||   147
       Robe              |       |       |       |    45 |   104 |       |       |       |       ||   149
       Ring mail         |       |       |       |       |     1 |   126 |   102 |    84 |   308 ||   621
       Scale mail        |       |       |       |       |       |       |    22 |       |       ||    22
       Gold dragon scale |       |       |       |       |       |       |       |       |    76 ||    76
Dodge: Dodged            |   151 |    54 |   193 |   540 |   794 |   713 |   640 |   476 |  1811 ||  5372
Block: Other             |       |       |       |       |   157 |     1 |     5 |       |       ||   163
       Reflection        |       |       |       |       |    14 |    95 |    86 |    75 |   116 ||   386
       Buckler           |       |       |       |       |    72 |   724 |   646 |   492 |  1545 ||  3479
       Rpst.: Scimitar   |       |       |    15 |   118 |   149 |    98 |    35 |    48 |    13 ||   476
       Long sword        |       |       |       |       |       |     6 |       |       |       ||     6
       Demon blade       |       |       |       |       |       |    16 |    80 |     6 |   220 ||   322
       Falchion          |       |       |       |       |       |       |     2 |    13 |   100 ||   115
